 Dungeon Crawl Stone Soup version 0.21.1-1-g345015f (webtiles) character file.

184 grindst0ne the Changer (level 5, -1/36 HPs)
             Began as an Octopode Transmuter on Mar 7, 2018.
             Slain by a gnoll
             ... wielding a +0 spear
              (9 damage)
             ... on level 3 of the Dungeon.
             The game lasted 00:06:50 (3150 turns).

grindst0ne the Changer (Octopode Transmuter)        Turns: 3150, Time: 00:06:50

Health: -1/36      AC:  1    Str: 10    XL:     5   Next: 64%
Magic:  1/8        EV: 13    Int: 15    God:
Gold:   149        SH:  0    Dex: 13    Spells: 2/8 levels left

rFire    . . .     SeeInvis +   e - +0 dagger (curse)
rCold    . . .     Gourm    .   (no shield)
rNeg     . . .     Faith    .   (helmet restricted)
rPois    .         Spirit   .   (no amulet)
rElec    .         Reflect  .   j - ring of see invisible
rCorr    .         Harm     .   (no ring)
MR       .....                  (no ring)
Stlth    +++.......             (no ring)
HPRegen  0.12/turn              (no ring)
MPRegen  0.11/turn              (no ring)
                                (no ring)
                                (no ring)

@: no status effects
A: almost no armour, stealthy swim, amphibious, 8 rings, constrict 8, camouflage
1, gelatinous body 1
a: no special abilities


You were on level 3 of the Dungeon.
You were very full.

You visited 1 branch of the dungeon, and saw 3 of its levels.

You collected 149 gold pieces.

Inventory:

Hand Weapons
 e - a cursed +0 dagger (weapon)
 r - a +2 vampiric dagger
Missiles
 a - 60 arrows
Jewellery
 j - a ring of see invisible (left tentacle)
Wands
 l - a wand of flame (27)
Scrolls
 d - 2 scrolls of random uselessness
 h - 3 scrolls of enchant weapon
Potions
 f - a potion of heal wounds {unknown}
 g - a potion of brilliance {unknown}
 n - a potion of curing {unknown}
 o - a potion of degeneration
Books
 b - a book of Changes

   Spells                             Type                      Level
   a - Beastly Appendage              Transmutation                1
   b - Sticks to Snakes               Transmutation                2
   c - Spider Form                    Transmutation/Poison         3
   d - Ice Form                       Ice/Transmutation            4
   e - Blade Hands                    Transmutation                5
Comestibles
 c - 2 rations
 i - 2 chunks of flesh


   Skills:
 + Level 3.5 Fighting
 - Level 2.0 Dodging
 - Level 2.3 Stealth
 - Level 3.0 Unarmed Combat
 - Level 2.0 Spellcasting
 + Level 4.0 Transmutations


You had 2 spell levels left.
You knew the following spells:

 Your Spells              Type           Power        Failure   Level  Hunger
a - Beastly Appendage     Tmut           ##....       4%          1    #......
b - Sticks to Snakes      Tmut           ##......     6%          2    ###....
c - Spider Form           Tmut/Pois      #.........   28%         3    ###....


Dungeon Overview and Level Annotations

Branches:
Dungeon (3/15)

Altars:


Innate Abilities, Weirdness & Mutations

You cannot wear most types of armour.
You are very stealthy in the water. (Stealth+)
You are amphibious.
You can wear up to eight rings at the same time.
You can use your tentacles to constrict eight enemies at once.
Your skin changes colour to match your surroundings (Stealth+).
Your rubbery body absorbs attacks. (AC +1, EV +1)


Message History

Casting: Spider Form
Confirm with . or Enter, or press ? or * to list all spells.
You create a snake!
You now have 60 arrows.
The gnoll misses you.
Casting: Sticks to Snakes
Confirm with . or Enter, or press ? or * to list all spells.
You don't have enough magic to cast that spell.
Your ball python barely misses the gnoll.
Your ball python grabs the gnoll.
Your ball python constricts the gnoll.
The gnoll completely misses you. The gnoll hits you with a spear!
* * * LOW HITPOINT WARNING * * *
Your ball python bites the gnoll but does no damage.
Your ball python constricts the gnoll.
Your transformation has ended.
Your cursed +0 dagger unmelds from your body.
Your ball python bites the gnoll but does no damage.
Your ball python constricts the gnoll.
The gnoll hits you but does no damage.
Your ball python completely misses the gnoll.
Your ball python constricts the gnoll.
The gnoll hits you from afar with a spear!
You die...

############ ...
...........# # ...
...........# .# ..
...........####.## #
...........+..... +
...........#... ##
.........S.#.##.###
#.
.......@gg....^....
+.
.....##.#.##.######
#. #..... #.#.#
..... #.
#.....##)#.##.....
#.
....................
#.
...........######...
#.
...........'....+...
+. ..........######
.. #. ######.....##


You could see 2 gnolls and a friendly ball python.

Vanquished Creatures
  2 gnolls (D:3)
  6 adders
  2 oozes (D:1)
  3 worms (D:2)
  7 dart slugs
  3 leopard geckos
  An orc (D:3)
  3 giant cockroaches
  4 goblins
  7 hobgoblins
  4 jackals (D:2)
  10 kobolds
  A quokka (D:2)
  9 bats
  3 frilled lizards
  7 rats
72 creatures vanquished.

Vanquished Creatures (collateral kills)
  2 gnolls (D:3)
2 creatures vanquished.

Grand Total: 74 creatures vanquished

Notes
Turn   | Place    | Note
-------+----------+-------------------------------------------
     0 | D:1      | grindst0ne the Octopode Transmuter began the quest for the Orb.
     0 | D:1      | Reached XP level 1. HP: 13/13 MP: 3/3
   441 | D:1      | Reached XP level 2. HP: 10/18 MP: 3/5
   728 | D:1      | Learned a level 2 spell: Sticks to Snakes
   847 | D:1      | Reached XP level 3. HP: 8/24 MP: 4/6
  1468 | D:2      | Reached skill level 3 in Transmutations
  1485 | D:2      | Learned a level 3 spell: Spider Form
  1514 | D:2      | Reached skill level 1 in Stealth
  1533 | D:2      | Reached XP level 4. HP: 8/30 MP: 7/7
  2401 | D:2      | Reached XP level 5. HP: 26/36 MP: 6/8
  3016 | D:3      | Found a faded altar of an unknown god.
  3142 | D:3      | Reached skill level 4 in Transmutations
  3150 | D:3      | Slain by a gnoll

Skill      XL: |  1  2  3  4  5 |
---------------+----------------+-----
Fighting       | 2 3 |  3.5
Transmutations | 3 4 |  4.0
Stealth        | 1 2 |  2.3
Dodging        | |  2.0
Unarmed Combat | |  3.0
Spellcasting   | |  2.0

Action                   |  1- 3 |  4- 6 || total
-------------------------+-------+-------++-------
Melee: Dagger            |    61 |    94 ||   155
       Unarmed           |     4 |     7 ||    11
       Constrict         |    20 |    27 ||    47
       Kick              |    11 |     6 ||    17
       Tentacles         |    10 |    16 ||    26
       Punch             |       |     3 ||     3
 Cast: Beastly Appendage |     7 |     5 ||    12
       Sticks to Snakes  |     1 |    12 ||    13
       Spider Form       |       |     1 ||     1
  Use: Scroll            |     3 |     4 ||     7
 Stab: Sleeping          |     6 |     9 ||    15
  Eat: Chunk             |     2 |     6 ||     8
       Ration            |       |     2 ||     2
Armor: Skin              |    12 |    12 ||    24
Dodge: Dodged            |    43 |    90 ||   133
